 Dungeon Crawl Stone Soup version 0.29-a0-1016-g236c7fd91e (webtiles) character file.

Game seed: 3580964729845851161

1593442 RBrandon the Pandemonic (level 26, 222/222 HPs)
             Began as a Palentonga Artificer on Aug 8, 2022.
             Was a High Priest of Makhleb.
             Escaped with the Orb
             ... and 3 runes on Aug 9, 2022!
             The game lasted 06:09:06 (75669 turns).

RBrandon the Pandemonic (Palentonga Artificer)     Turns: 75669, Time: 06:09:07

Health: 222/222    AC: 33    Str: 20    XL:     26   Next: 18%
Magic:  44/44      EV: 13    Int: 13    God:    Makhleb [*****.]
Gold:   5131       SH: 18    Dex: 14    Spells: 15/49 levels left

rFire   + + .      SeeInvis +   f - +3 eveningstar (protect)
rCold   + . .      Faith    .   p - +5 kite shield {reflect}
rNeg    . . .      Spirit   +   V - +4 moon troll leather armour {Spirit, Regen++ MP+5}
rPois   +          Reflect  +   q - +3 helmet of Failure {rC+ Slay-2 Stlth+}
rElec   +          Harm     .   J - +2 cloak
rCorr   .          Rampage  .   w - +0 pair of gloves of Qenejivi {rElec Int-3 Slay+6 Stlth+}
Will    +....                   T - +4 barding
Stlth   +.........              l - amulet of regeneration
HPRegen 2.87/turn               X - ring of protection from fire
MPRegen 0.29/turn               h - ring of protection from fire

@: studying Ice Magic
A: large, rugged brown scales 3, see invisible, deformed body, roll 1, armoured
tail, reflexive curl, hooves 1, poison resistance, weak 1, evolution 1
0: Orb of Zot
}: 3/15 runes: decaying, silver, gossamer
a: Rolling Charge, Renounce Religion, Minor Destruction, Lesser Servant of
Makhleb, Major Destruction, Greater Servant of Makhleb


You escaped.
You worshipped Makhleb.
Makhleb was extremely pleased with you.
You visited 11 branches of the dungeon, and saw 51 of its levels.
You also visited: Ice Cave and Wizlab.

You collected 11646 gold pieces.
You spent 6515 gold pieces at shops.

Inventory:

Hand Weapons
 b - a +4 sacred scourge of holy wrath {The Shining One Swag}
   (You took it off an angel on level 3 of the Depths)
 f - a +3 eveningstar of protection (weapon)
   (You bought it in a shop on level 2 of the Orcish Mines)
Missiles
 a - a throwing net
 A - 7 curare-tipped darts
Armour
 p - a +5 kite shield of reflection (worn)
   (You took it off Donald on level 2 of the Orcish Mines)
 q - the +3 helmet of Failure (worn) {rC+ Slay-2 Stlth+}
   (You bought it in a shop on level 4 of the Vaults)

   Slay:      It affects your accuracy & damage with ranged weapons and melee
   (-2).
   rC:        It protects you from cold.
   Stlth:     It makes you more stealthy.
 w - the +0 pair of gloves of Qenejivi (worn) {rElec Int-3 Slay+6 Stlth+}
   (You found it on level 5 of the Vaults)

   Int:       It affects your intelligence (-3).
   Slay:      It affects your accuracy & damage with ranged weapons and melee
   (+6).
   rElec:     It insulates you from electricity.
   Stlth:     It makes you more stealthy.
 J - a +2 cloak (worn)
 T - a +4 barding (worn)
 V - the +4 moon troll leather armour (worn) {Spirit, Regen++ MP+5}
   (You bought it in a shop on level 2 of the Orcish Mines)

   MP:        It affects your magic capacity (+5).
   Regen:     It increases your rate of health regeneration.
Jewellery
 h - a ring of protection from fire (right hand)
 l - an amulet of regeneration (around neck)
 m - a ring of poison resistance
 n - a +6 ring of intelligence
 u - a +4 ring of slaying
 G - the ring "Jonituif" {rCorr Int+4 Dex+3}
   (You found it on level 5 of the Vaults)

   [ring of resist corrosion]

   Int:       It affects your intelligence (+4).
   Dex:       It affects your dexterity (+3).
   rCorr:     It protects you from acid and corrosion.
 X - a ring of protection from fire (left hand)
Wands
 c - a wand of light (1)
 k - a wand of paralysis (33)
 B - a wand of polymorph (17)
 Q - a wand of roots (34)
 U - a wand of mindburst (3)
 Z - a wand of digging (5)
Scrolls
 o - 12 scrolls of teleportation
 r - 8 scrolls of poison
 x - 7 scrolls of immolation
 C - 2 scrolls of magic mapping
 I - 6 scrolls of butterflies
 N - 3 scrolls of silence
 R - 4 scrolls of amnesia
 W - 5 scrolls of fear
Potions
 d - 8 potions of brilliance
 e - 18 potions of lignification
 g - 4 potions of berserk rage
 i - 19 potions of curing
 j - 10 potions of might
 t - 6 potions of cancellation
 v - 7 potions of heal wounds
 z - 10 potions of attraction
 E - 6 potions of magic
 K - 3 potions of haste
 L - 15 potions of ambrosia
 M - 6 potions of invisibility
 P - 5 potions of mutation
Miscellaneous
 s - a phantom mirror
 y - a tin of tremorstones (1/2)
 D - a phial of floods (inert)
 F - a piece from Xom's chessboard (15/15)
 H - a condenser vane
 S - a lightning rod (4/4)
 Y - a box of beasts


   Skills:
 - Level 17.0 Fighting
 - Level 16.0 Maces & Flails
 - Level 17.4 Armour
 * Level 15.1 Dodging
 - Level 1.2 Stealth
 + Level 13.7 Shields
 - Level 12.0 Spellcasting
 - Level 13.9 Summonings
 - Level 18.0 Translocations
 - Level 4.2 Transmutations
 - Level 4.2 Earth Magic
 - Level 18.7 Invocations
 - Level 11.8 Evocations


You had 15 spell levels left.
You knew the following spells:

 Your Spells              Type           Power      Damage    Failure   Level
a - Blink                 Tloc           100%       N/A       0%          2
b - Passage of Golubria   Tloc           53%        N/A       1%          4
c - Passwall              Tmut/Erth      15%        N/A       4%          2
d - Malign Gateway        Summ/Tloc      24%        N/A       19%         7
e - Manifold Assault      Tloc           53%        N/A       1%          5
f - Dispersal             Tloc           26%        N/A       1%          6
g - Summon Forest         Summ/Tloc      24%        N/A       1%          5
h - Wereblood             Tmut           18%        N/A       4%          2
i - Apportation           Tloc           100%       N/A       0%          1

Your spell library contained the following spells:

 Spells                   Type           Power      Damage    Failure   Level
 Summon Small Mammal      Summ           100%       N/A       1%          1
 Call Imp                 Summ           44%        N/A       1%          2
 Gell's Gravitas          Tloc           53%        N/A       1%          3
 Lesser Beckoning         Tloc           53%        N/A       1%          3
 Portal Projectile        Hex/Tloc       62%        N/A       1%          3
 Teleport Other           Tloc           53%        N/A       1%          3
 Sandblast                Erth           36%        2d10      2%          1
 Summon Guardian Golem    Hex/Summ       25%        N/A       2%          3
 Animate Armour           Summ/Erth      62%        N/A       3%          4
 Iskenderun's Mystic Bla  Conj/Tloc      31%        2d8       4%          4
 Sting                    Tmut/Pois      52%        1d5       7%          1
 Summon Ice Beast         Ice/Summ       25%        N/A       10%         4
 Summon Lightning Spire   Summ/Air       25%        N/A       10%         4
 Foxfire                  Conj/Fire      28%        2x1d5     16%         1
 Freeze                   Ice            28%        1d5       16%         1
 Magic Dart               Conj           28%        1d4       16%         1
 Necrotise                Necr           28%        1d5       16%         1
 Slow                     Hex            28%        N/A       16%         1
 Spider Form              Tmut/Pois      13%        N/A       21%         3
 Stone Arrow              Conj/Erth      26%        3d8       21%         3
 Ensorcelled Hibernation  Hex/Ice        14%        N/A       24%         2
 Poisonous Vapours        Pois/Air       14%        N/A       24%         2
 Sublimation of Blood     Necr           7%         N/A       24%         2
 Summon Mana Viper        Hex/Summ       25%        N/A       26%         5
 Petrify                  Tmut/Erth      18%        N/A       28%         4
 Monstrous Menagerie      Summ           22%        N/A       41%         7
 Confusing Touch          Hex            7%         N/A       43%         3
 Conjure Flame            Conj/Fire      7%         6-21      43%         3
 Dazzling Flash           Conj/Hex       14%        N/A       43%         3
 Frozen Ramparts          Ice            14%        1d3       43%         3
 Inner Flame              Hex/Fire       7%         N/A       43%         3
 Mephitic Cloud           Conj/Pois/Air  7%         N/A       43%         3
 Tukima's Dance           Hex            7%         N/A       43%         3
 Vampiric Draining        Necr           7%         2d6       43%         3
 Disjunction              Tloc           26%        N/A       54%         8
 Ice Form                 Ice/Tmut       13%        N/A       56%         4
 Blade Hands              Tmut           9%         N/A       61%         5
 Airstrike                Air            3%         2d(1-17)  85%         4
 Anguish                  Hex/Necr       3%         N/A       85%         4
 Animate Dead             Necr           7%         N/A       85%         4
 Cause Fear               Hex            3%         N/A       85%         4
 Corpse Rot               Necr/Pois/Air  7%         N/A       85%         4
 Dispel Undead            Necr           7%         3d8       85%         4
 Flame Wave               Conj/Fire      7%         2d5       85%         4
 Hailstorm                Conj/Ice       7%         3d4       85%         4
 Olgreb's Toxic Radiance  Pois           7%         N/A       85%         4
 Borgnjor's Vile Clutch   Necr/Erth      6%         N/A       88%         5
 Irradiate                Conj/Tmut      6%         3d13      88%         5
 Summon Horrible Things   Summ           22%        N/A       98%         8
 Agony                    Necr           7%         N/A       99%         5
 Fireball                 Conj/Fire      3%         3d4       99%         5
 Iskenderun's Battlesphe  Conj           7%         2d6       99%         5
 Lightning Bolt           Conj/Air       3%         1d15      99%         5
 Metabolic Englaciation   Hex/Ice        3%         N/A       99%         5
 Silence                  Hex/Air        3%         N/A       99%         5
 Statue Form              Tmut/Erth      12%        N/A       99%         6
 Conjure Ball Lightning   Conj/Air       3%         3x3d6     100%        6
 Death Channel            Necr           3%         N/A       100%        6
 Eringya's Noxious Bog    Tmut/Pois      6%         N/A       100%        6
 Iron Shot                Conj/Erth      6%         9d2       100%        6
 Simulacrum               Ice/Necr       3%         N/A       100%        6
 Starburst                Conj/Fire      3%         6d3       100%        6
 Dragon Form              Tmut           9%         N/A       100%        7
 Orb of Destruction       Conj           3%         9d5       100%        7
 Spellforged Servitor     Conj/Summ      12%        N/A       100%        7
 Storm Form               Tmut/Air       6%         N/A       100%        7
 Discord                  Hex            3%         N/A       100%        8
 Ignition                 Fire           3%         3d4       100%        8
 Lehudib's Crystal Spear  Conj/Erth      6%         10d3      100%        8
 Maxwell's Capacitive Co  Air            3%         ∞         100%        8
 Polar Vortex             Ice            3%         N/A       100%        9


Dungeon Overview and Level Annotations

Branches:
Dungeon (15/15)            Temple (1/1) D:6            Lair (5/5) D:11
  Swamp (4/4) Lair:3       Spider (4/4) Lair:2        Slime (0/5) Lair:4
    Orc (2/2) D:11            Elf (3/3) Orc:2        Vaults (5/5) D:13
  Crypt (3/3) Vaults:2       Tomb (0/3) Crypt:3      Depths (4/4) D:15
    Zot (5/5) Depths:4      IceCv (visited)          WizLab (visited)

Altars:
Ashenzari
Cheibriados
Dithmenos
Elyvilon
Fedhas
Gozag
Hepliaklqana
Kikubaaqudgha
Makhleb
Nemelex Xobeh
Okawaru
Qazlal
Ru
Sif Muna
Trog
Uskayaw
Vehumet
Wu Jian
Xom
Yredelemnul
Zin
The Shining One
Jiyva

Shops:
D:1 :   D:9 ?   D:11 (?((*   D:12 [   Orc:2 [((?   Elf:1 !   Elf:2 =:=
Vaults:4 [((   Depths:1 [*   Depths:4 :

Portals:
Hell: Depths:1 Depths:2 Depths:3 Depths:4
Abyss: Depths:3
Pandemonium: Depths:1 Depths:2
Trove: Depths:2 (lose all piety)

Annotations:
D:11 exclusion: vampire mosquito
Lair:3 3 runed translucent doors, audacious124's ghost, journeyman DsGl
Elf:2 3 runed translucent doors
Crypt:3 exclusion: door
Depths:1 exclusion: obsidian statue
Depths:4 exclusions: 2 shining eyes and 2 more exclusions
Zot:5 2 transporters, 1 exclusion, freelancePsychic's ghost, legendary DjTm
Abyss:1 Margery


Innate Abilities, Weirdness & Mutations

You are completely covered in rugged brown scales. (AC +3, +7% HP)
You have supernaturally acute eyesight. (SInv)
Armour fits poorly on your strangely shaped body.
You can roll at nearby foes to attack.
You have a long armoured tail.
You curl defensively after being hit. (AC +7*)
You have large cloven feet.
Your system is resistant to poisons. (rPois)
You are weak. (Str -2)
You have hidden genetic potential.


Message History

You climb upwards.
There is a stone staircase leading down here.
There is a stone staircase leading up here.
You climb upwards.
There is a stone staircase leading down here.
An Orb Guardian comes into view.
There is a stone staircase leading up here.
You climb upwards.
There is a stone staircase leading down here.
(D) Dungeon (T) Temple (L) Lair (S) Swamp (N) Spider Nest (M) Slime Pits (O) Orcish Mines (E) Elven Halls (V) Vaults (C) Crypt (W) Tomb (U) Depths (H) Hell (Z) Zot
Where to? (Enter - D:1 @ (x,y), ? - help)
There is an open door here.
There is a stone staircase leading up here.
You climb upwards.
There is a stone staircase leading down here.
There is a stone staircase leading up here.
You climb upwards.
There is a stone staircase leading down here.
A lorocyproca comes into view.
The minotaur bellows!
There is an open door here.
A lorocyproca is nearby!
A lorocyproca is nearby!
The formicid shouts!
The naga shouts!
The spriggan shouts!
The tengu shouts!
The demonspawn shouts!
The human shouts!
The vine stalker shouts!
The kobold shouts!
The felid hisses angrily.
The merfolk shouts!
The elf shouts!
The octopode shouts!
The troll shouts!
The demigod shouts!
There is an open door here.
There is a staircase leading out of the dungeon here.
You have escaped!

###.###
#M#.#.#
###2###
#V#.#x#
###.###
#T#.#p#
###'###
#...#
#.@.#
#####


You could see a lorocyproca (invisible).

Vanquished Creatures
  2 dread liches
  Mennas (Crypt:2)
  An orb of fire (Zot:2)
  2 ancient liches
  Sojobo (Depths:3)
  A Killer Klown (Zot:5)
  Vv (Zot:2)
  A caustic shrike (Zot:5)
  8 golden dragons
  3 bone dragons
  3 electric golems
  Jorgrun (Orc:2)
  15 tentacled monstrosities
  2 deep elf blademasters (Elf:3)
  18 Orb Guardians
  3 titans
  6 quicksilver dragons
  3 liches
  Asterion (Vaults:1)
  5 deep elf master archers
  6 ancient champions
  3 sphinxes
  14 death cobs
  16 storm dragons
  10 shadow dragons
  2 thorn hunters (WizLab)
  3 revenants
  5 tengu reavers
  3 draconian monks
  A storm dragon (shapeshifter) (Elf:1)
  2 daevas (Depths:3)
  3 fenstrider witches (WizLab)
  5 fire giants
  3 orc warlords
  3 emperor scorpions
  4 draconian knights
  13 vault wardens
  6 frost giants
  A deep elf sorcerer (Elf:3)
  3 draconian scorchers
  2 iron dragons
  7 draconian shifters
  6 ghouls
  3 ghost moths
  A curse skull (Crypt:1)
  8 draconian annihilators
  3 angels (Depths:3)
  7 draconian stormcallers
  15 ironbound preservers
  A deep elf elementalist (Elf:3)
  3 reapers
  2 broodmothers
  12 stone giants
  28 very ugly things
  5 war gargoyles (Vaults:5)
  3 caustic shrike skeletons (Crypt:3)
  2 juggernaut skeletons (Crypt:3)
  4 vampire knights
  7 ironbound thunderhulks
  8 eleionomae
  5 deep elf demonologists
  9 deep elf annihilators
  4 bunyips
  13 black draconians
  7 entropy weavers
  9 green draconians
  2 dire elephants (Vaults:1)
  14 purple draconians
  11 red draconians
  18 white draconians
  9 spark wasps
  Snorg (Orc:1)
  10 yellow draconians
  12 deep elf death magi
  4 green deaths
  A merfolk impaler (Depths:2)
  3 blizzard demons (Depths:1)
  7 ettins
  14 jiangshi (Crypt:2)
  5 eidola
  5 deep elf high priests
  4 shambling mangroves
  5 great orbs of eyes
  6 fire dragons
  10 hydras
  A caustic shrike simulacrum (Crypt:2)
  13 yaktaur captains
  2 hell beasts (Depths:1)
  33 vault guards
  2 rakshasas
  11 ice dragons
  A fenstrider witch zombie (Crypt:1)
  A peacekeeper (Vaults:1)
  A spriggan air mage (Depths:3)
  A spriggan zombie (Depths:2)
  9 boulder beetles
  4 ogre magi
  7 alligators
  2 death knights (Crypt:1)
  8 centaur warriors
  7 ironbound frosthearts
  5 satyrs (WizLab)
  12 death yaks
  2 radroaches
  8 two-headed ogres
  An alligator (shapeshifter) (Vaults:5)
  A fenstrider witch skeleton (Crypt:2)
  2 deep troll shamans
  3 deep troll earth magi
  7 vampire magi
  18 dancing weapons
  11 hell knights
  2 naga sharpshooters (WizLab)
  5 soul eaters
  A thrashing horror (Swamp:4)
  2 emperor scorpion zombies (Crypt:3)
  5 spriggan berserkers
  A storm dragon zombie (Crypt:1)
  2 sun demons (Depths:1)
  9 deep elf knights
  5 iron trolls
  A sixfirhy (Depths:1)
  5 titan skeletons (Crypt:3)
  2 death drakes (Swamp:4)
  5 goliath frogs
  4 pharaoh ants
  18 skeletal warriors
  3 steelbarb worms
  47 deep trolls
  A fire crab (shapeshifter) (Vaults:5)
  A sun moth (Spider:2)
  4 cherubim (Depths:3)
  10 orb spiders
  A steelbarb worm (shapeshifter) (Elf:1)
  12 swamp dragons
  3 flayed ghosts
  11 bog bodies
  14 deep elf archers
  13 ironbound convokers
  28 deep elf pyromancers
  3 spriggan druids
  A golden dragon skeleton (Depths:2)
  4 harpies (Vaults:2)
  13 lindwurms
  A frost giant zombie (Crypt:3)
  4 wizards
  10 orc knights
  A stone giant zombie (Depths:2)
  27 deep elf zephyrmancers
  15 wolf spiders
  A jorogumo zombie (Crypt:3)
  2 orc sorcerers
  3 will-o-the-wisps (Swamp:4)
  31 moths of wrath
  An iron dragon zombie (Crypt:1)
  11 phantasmal warriors
  3 oklob plants
  7 necromancers
  2 fauns (WizLab)
  7 cyclopes
  A salamander (Depths:3)
  28 ugly things
  A fire giant skeleton (Vaults:3)
  A stone giant skeleton (Crypt:3)
  2 manticores
  A sphinx skeleton (Depths:2)
  A centaur zombie (D:15)
  A human skeleton (Vaults:3)
  3 elephants
  A naga mage (D:15)
  11 vault sentinels
  A smoke demon (Depths:1)
  4 torpor snails
  4 orange demons
  4 black mambas
  16 cane toads
  A gargoyle (D:11)
  6 demonic crawlers
  A naga skeleton (Crypt:3)
  8 rime drakes
  A centaur skeleton (Crypt:3)
  3 freezing wraiths
  A white draconian zombie (Crypt:3)
  3 alligator snapping turtle skeletons
  An efreet (D:14)
  2 dire elephant skeletons
  An unseen horror (D:11)
  23 yaktaurs
  6 komodo dragons
  A kobold demonologist (D:7)
  4 ice devils
  A tengu conjurer (Depths:2)
  A hellwing (Depths:1)
  13 trolls
  A red devil (Depths:1)
  20 hornets
  2 large abominations (Swamp:4)
  A hydra zombie (Crypt:2)
  9 polar bears
  11 tyrant leeches
  A queen bee (Lair:2)
  44 tarantellas
  A blink frog (Lair:2)
  35 slime creatures
  3 dream sheep (Lair:5)
  A sphinx simulacrum (Depths:2)
  3 harpy skeletons
  38 jumping spiders
  13 spriggans
  A spriggan skeleton (Depths:2)
  14 flying skulls
  4 shadows
  A fire dragon skeleton (Crypt:3)
  3 air elementals (Elf:1)
  23 culicivoras
  2 water elementals
  2 vampires
  8 wraiths
  3 ynoxinuls (Depths:1)
  4 fire elementals
  66 yaks
  4 wyverns
  A neqoxec (D:15)
  7 basilisks
  3 golden eyes (D:10)
  A demonspawn zombie (Crypt:1)
  A chaos spawn (Depths:1)
  Menkaure (D:7)
  2 steam dragons (Lair:5)
  13 vampire mosquitoes
  A naga zombie (Crypt:1)
  A cane toad zombie (Crypt:2)
  61 redbacks
  4 wargs
  A glowing orange brain zombie (Crypt:1)
  Duvessa (D:4)
  4 acid dragons
  12 swamp worms
  17 water moccasins
  A meliai simulacrum (D:15)
  A floating eye (Depths:3)
  A swamp drake (Lair:5)
  4 sky beasts
  An elephant zombie (Crypt:3)
  A swamp dragon zombie (Crypt:3)
  2 ice beasts
  A hornet zombie (D:15)
  20 orc warriors
  A lindwurm zombie (Crypt:2)
  A blink frog zombie (Crypt:1)
  A manticore zombie (Crypt:2)
  41 wolves
  20 ogres
  16 centaurs
  A phantom (D:6)
  A human zombie (Vaults:3)
  3 kobold brigands
  16 bullfrogs
  4 necrophages
  2 earth elementals (Elf:3)
  A water moccasin zombie (Crypt:2)
  A wyvern skeleton (Crypt:2)
  14 wights (Crypt:3)
  Dowan (D:4)
  A human simulacrum (Vaults:3)
  28 killer bees (Lair:2)
  7 nameless horrors
  3 howler monkeys (D:9)
  An electric eel (Lair:2)
  16 orc priests
  A hound (D:4)
  A jelly (D:7)
  A basilisk skeleton (Crypt:3)
  A gnoll bouda (D:10)
  Natasha (thrice) (D:2)
  Terence (D:2)
  4 iguanas
  20 orc wizards
  A sky beast zombie (Crypt:3)
  A tengu zombie (Crypt:2)
  A hound skeleton (Crypt:2)
  6 gnolls
  6 adders
  A steam dragon zombie (Crypt:2)
  A shadow imp (D:6)
  3 white imps
  3 ufetubi
  A worm (D:2)
  4 dart slugs
  70 orcs
  4 endoplasms
  3 giant cockroaches
  3 goblins
  6 hobgoblins
  5 jackals
  3 quokkas
  A river rat zombie (Crypt:3)
  5 ball pythons
  A ball python skeleton (Crypt:1)
  5 bats
  3 frilled lizards (D:2)
  A gnoll skeleton (Crypt:2)
  16 kobolds
  An orc skeleton (Crypt:1)
  A quokka skeleton (Crypt:1)
  A quokka zombie (Crypt:1)
  4 rats
2045 creatures vanquished.

Vanquished Creatures (collateral kills)
  An orb of fire (Zot:5)
  An ancient lich (Vaults:5)
  3 Killer Klowns (Zot:5)
  2 curse toes
  2 golden dragons
  2 electric golems (Zot:5)
  4 tentacled monstrosities
  A lich (Crypt:3)
  2 Orb Guardians (Zot:5)
  3 quicksilver dragons
  A sphinx (Depths:2)
  An eldritch tentacle (Zot:2)
  4 ancient champions (Crypt:3)
  A death cob (Zot:2)
  A tengu reaver (Depths:3)
  Donald (Orc:2)
  2 storm dragons
  A frost giant (IceCv)
  A daeva (Depths:3)
  A draconian knight (Zot:3)
  2 emperor scorpions (Spider:4)
  2 ghost moths
  Aizul (Swamp:2)
  An angel (Depths:3)
  3 vault wardens (Vaults:4)
  A curse skull (Crypt:3)
  A draconian scorcher (Zot:4)
  2 very ugly things
  A caustic shrike skeleton (Crypt:3)
  2 ironbound preservers (Vaults:5)
  A war gargoyle (Vaults:1)
  A spriggan defender (Depths:2)
  A stone giant (Vaults:5)
  A reaper (Depths:3)
  An ironbound thunderhulk (Vaults:4)
  A green draconian (Zot:2)
  A dire elephant (Vaults:1)
  2 eleionomae
  A bunyip (Swamp:3)
  A purple draconian (Zot:5)
  A crystal guardian (Vaults:4)
  A fire dragon (Lair:5)
  A yaktaur captain (Vaults:5)
  A quicksilver dragon skeleton (Depths:2)
  5 vault guards
  A peacekeeper (Vaults:4)
  A hydra (Swamp:3)
  An ice dragon (Depths:4)
  A two-headed ogre (Orc:2)
  A spriggan air mage (Depths:4)
  A dancing weapon (Elf:1)
  A death yak (IceCv)
  A hell knight (Vaults:5)
  2 soul eaters (Crypt:3)
  A titan skeleton (Crypt:3)
  An iron troll (Depths:3)
  4 skeletal warriors (Crypt:3)
  A spark wasp zombie (Depths:2)
  A flayed ghost (Depths:2)
  A spriggan druid (Swamp:3)
  7 deep trolls
  2 cherubim (Depths:3)
  A deep elf zephyrmancer (Elf:1)
  A necromancer (Depths:2)
  2 lindwurms
  A wizard (Vaults:1)
  3 ugly things
  A will-o-the-wisp (Swamp:2)
  A nameless horror (Zot:5)
  An elephant (Lair:4)
  A vault sentinel (Vaults:4)
  4 moths of wrath
  An ice statue (IceCv)
  A naga skeleton (Crypt:3)
  A rime drake (IceCv)
  A yaktaur (Vaults:5)
  A komodo dragon (Lair:5)
  3 trolls (Orc:2)
  6 hornets
  A polar bear (IceCv)
  2 slime creatures (Vaults:1)
  3 dream sheep (Lair:5)
  A shapeshifter (Vaults:5)
  6 yaks
  A basilisk (Lair:5)
  An acid dragon (Lair:5)
  2 ogres (Orc:2)
  4 orc warriors (Orc:2)
  A wolf (IceCv)
  5 wights (Crypt:3)
  A shapeshifter skeleton (Crypt:3)
  An orc priest (D:8)
  4 orc wizards
  8 orcs
  A rat (shapeshifter) (Vaults:5)
171 creatures vanquished.

Vanquished Creatures (others)
  32 eldritch tentacles
  2 draconian knights
  A draconian annihilator (Zot:1)
  A green draconian (Zot:5)
  A black draconian (Zot:5)
  A yellow draconian (Zot:5)
  A deep elf knight (Elf:3)
  A deep elf archer (Elf:1)
  A deep elf pyromancer (Elf:1)
  A moth of wrath (Zot:5)
  A bloated husk (Swamp:3)
  A jumping spider (Spider:4)
  A spriggan (Swamp:4)
  A water elemental (Elf:1)
  A bullfrog (D:8)
  An orc wizard (D:8)
  A bush (WizLab)
  4 foxfires (Swamp:4)
  29 fungi
  56 plants
  6 snaplasher vines
144 creatures vanquished.

Grand Total: 2360 creatures vanquished

Notes
Turn   | Place    | Note
-------+----------+-------------------------------------------
     0 | D:1      | RBrandon the Palentonga Artificer began the quest for the
                  | Orb.
     0 | D:1      | Reached XP level 1. HP: 16/16 MP: 1/1
     2 | D:1      | Noticed a troll
     2 | D:1      | Noticed a demigod
     4 | D:1      | Noticed a vampire
     4 | D:1      | Noticed an octopode
     8 | D:1      | Noticed a merfolk
     8 | D:1      | Noticed an elf
    10 | D:1      | Noticed a dwarf
    12 | D:1      | Noticed an ogre
    12 | D:1      | Noticed a felid
    14 | D:1      | Noticed a vine stalker
    16 | D:1      | Noticed a human
    16 | D:1      | Noticed a draconian
    18 | D:1      | Noticed a gargoyle
    18 | D:1      | Noticed a demonspawn
    20 | D:1      | Noticed a spriggan
    20 | D:1      | Noticed a tengu
    22 | D:1      | Noticed a naga
    22 | D:1      | Noticed a formicid
    24 | D:1      | Noticed a ghoul
    26 | D:1      | Noticed a minotaur
   218 | D:1      | Reached skill level 1 in Dodging
   232 | D:1      | Found Asyguof's Book Shop.
   364 | D:1      | Found a faded altar of an unknown god.
   365 | D:1      | Reached XP level 2. HP: 22/22 MP: 2/2
   653 | D:1      | Reached skill level 1 in Stealth
  1010 | D:2      | Noticed Natasha
  1018 | D:2      | Killed Natasha
  1019 | D:2      | Reached XP level 3. HP: 6/28 MP: 3/3
  1625 | D:2      | Reached XP level 4. HP: 35/35 MP: 4/4
  1714 | D:2      | Noticed Natasha
  1716 | D:2      | Killed Natasha
  1718 | D:2      | Noticed Terence
  1723 | D:2      | Killed Terence
  2089 | D:2      | Reached XP level 5. HP: 40/43 MP: 5/5
  2323 | D:2      | Noticed Natasha
  2325 | D:2      | Killed Natasha
  2528 | D:3      | Noticed a centaur
  2530 | D:3      | Killed a centaur
  2772 | D:3      | Found a stormy altar of Qazlal.
  3306 | D:4      | Reached skill level 5 in Fighting
  3306 | D:4      | Reached XP level 6. HP: 45/54 MP: 6/6
  3309 | D:4      | Identified the +0 mace of the Living Dead {vamp, +Blink
                  | rF+}
  3481 | D:4      | Noticed Duvessa
  3483 | D:4      | Noticed Dowan
  3499 | D:4      | Killed Duvessa
  3513 | D:4      | Killed Dowan
  3728 | D:4      | Learned a level 2 spell: Blink
  4013 | D:4      | Reached skill level 1 in Translocations
  4027 | D:4      | Gained mutation: You curl defensively after being hit. (AC
                  | +7*) [Palentonga growth]
  4027 | D:4      | Reached XP level 7. HP: 46/59 MP: 3/7
  4226 | D:5      | Entered Level 5 of the Dungeon
  4505 | D:5      | Learned a level 1 spell: Sandblast
  4508 | D:5      | Learned a level 2 spell: Passwall
  4530 | D:5      | Reached skill level 1 in Earth Magic
  4875 | D:5      | Gained mutation: Your body sometimes deteriorates upon
                  | taking damage. [potion of mutation]
  5865 | D:6      | Reached XP level 8. HP: 40/66 MP: 8/8
  6157 | D:6      | Found a staircase to the Ecumenical Temple.
  6301 | D:6      | Reached skill level 5 in Armour
  6337 | Temple   | Entered the Ecumenical Temple
  6492 | Temple   | Became a worshipper of Makhleb the Destroyer
  7014 | D:7      | Noticed Menkaure
  7039 | D:7      | Killed Menkaure
  7372 | D:7      | Noticed a kobold demonologist
  7378 | D:7      | Noticed a smoke demon
  7378 | D:7      | Killed a kobold demonologist
  7420 | D:7      | Noticed a boulder beetle
  7438 | D:7      | Reached skill level 5 in Invocations
  7438 | D:7      | Reached XP level 9. HP: 58/77 MP: 8/12
  8078 | D:7      | Noticed a five-headed hydra
  8775 | D:8      | Found a glowing silver altar of Zin.
  8777 | D:8      | Found a hazy altar of Hepliaklqana.
  9042 | D:8      | Noticed Maurice
  9044 | D:8      | Noticed Maurice
  9044 | D:8      | Maurice changed into Maurice the sky beast
  9048 | D:8      | Killed Maurice the sky beast
  9782 | D:9      | Found Hera's Magic Scroll Shoppe.
 10059 | D:9      | Learned a level 1 spell: Sandblast
 10213 | D:9      | Reached * piety under Makhleb
 10341 | D:9      | Reached XP level 10. HP: 47/88 MP: 15/15
 10996 | D:10     | Entered Level 10 of the Dungeon
 10996 | D:10     | Noticed Amaemon
 10996 | D:10     | Noticed an orange demon
 11302 | D:10     | Noticed Amaemon
 11302 | D:10     | Amaemon changed into Amaemon the wyvern
 11999 | D:9      | Killed Amaemon the wyvern
 12215 | D:10     | Reached skill level 1 in Maces & Flails
 12282 | D:10     | Killed an orange demon
 12570 | D:10     | Found an iron altar of Okawaru.
 12571 | D:10     | Found a glowing golden altar of the Shining One.
 12933 | D:10     | Noticed a cyclops
 12968 | D:10     | Killed a cyclops
 12969 | D:10     | Reached skill level 5 in Maces & Flails
 13108 | D:10     | Noticed a centaur warrior
 13386 | D:10     | Killed a centaur warrior
 13834 | D:11     | Found Gegel's Magic Scroll Shoppe.
 13877 | D:11     | Bought a scroll of acquirement for 572 gold pieces
 13920 | D:11     | Found a staircase to the Lair.
 14092 | D:11     | Found a staircase to the Orcish Mines.
 14094 | D:11     | Found Quri's Weapon Boutique.
 14133 | D:11     | Noticed a two-headed ogre
 14140 | D:11     | Killed a two-headed ogre
 14141 | D:11     | Reached XP level 11. HP: 90/95 MP: 16/16
 14558 | D:11     | Found Roifeys's Antique Weapon Shop.
 14912 | D:11     | Found Vahuuc's Antique Weapon Boutique.
 14918 | D:11     | Found Odejum's General Store.
 15488 | D:11     | Reached skill level 10 in Maces & Flails
 15939 | Lair:1   | Entered Level 1 of the Lair of Beasts
 16709 | Lair:1   | Acquired 625 gold pieces
 16792 | D:11     | Bought a +2 helmet of see invisible for 279 gold pieces
 17029 | D:11     | Bought a scroll of enchant armour for 82 gold pieces
 17094 | D:9      | Bought a scroll of enchant armour for 90 gold pieces
 17094 | D:9      | Bought a scroll of teleportation for 36 gold pieces
 17094 | D:9      | Bought a scroll of teleportation for 36 gold pieces
 17094 | D:9      | Bought a scroll of teleportation for 36 gold pieces
 17157 | D:11     | Bought a scroll of blinking for 82 gold pieces
 17186 | D:11     | Bought a potion of haste for 130 gold pieces
 17186 | D:11     | Bought a potion of might for 52 gold pieces
 17487 | Lair:1   | Found a bloodstained altar of Trog.
 17956 | Lair:2   | Reached ** piety under Makhleb
 18293 | Lair:2   | Reached XP level 12. HP: 31/101 MP: 17/17
 18302 | Lair:2   | Noticed an eight-headed hydra
 18947 | Lair:2   | Found a hole to the Spider Nest.
 19205 | Lair:2   | Killed an eight-headed hydra
 19533 | Lair:2   | Learned a level 3 spell: Teleport Other
 19922 | Lair:2   | Reached *** piety under Makhleb
 19923 | Lair:2   | Reached skill level 5 in Dodging
 20830 | Lair:3   | Found a staircase to the Swamp.
 20896 | Lair:3   | Found a runed translucent gate.
 20929 | Lair:3   | Found a runed translucent gate.
 20929 | Lair:3   | Found a runed translucent gate.
 20932 | Lair:3   | Noticed audacious124's ghost (journeyman DsGl)
 20935 | Lair:3   | Found a viscous altar of Jiyva.
 21477 | Lair:4   | Found a viscous altar of Jiyva.
 21477 | Lair:4   | Found a staircase to the Slime Pits.
 21815 | Lair:4   | Noticed a boulder beetle
 22357 | Lair:4   | Killed a boulder beetle
 22358 | Lair:4   | Reached skill level 5 in Translocations
 22358 | Lair:4   | Reached XP level 13. HP: 77/108 MP: 18/18
 22624 | Lair:4   | Identified the +1 helmet "Kyzxilo" {rPois Will- Stlth+}
 22848 | Lair:5   | Entered Level 5 of the Lair of Beasts
 23074 | Lair:5   | Reached **** piety under Makhleb
 23710 | Lair:5   | Reached skill level 10 in Translocations
 24398 | Lair:5   | Noticed a fire dragon
 24414 | Lair:5   | Killed a fire dragon
 24813 | Orc:1    | Entered Level 1 of the Orcish Mines
 24868 | Orc:1    | Noticed Snorg
 24872 | Orc:1    | Reached skill level 10 in Invocations
 24874 | Orc:1    | Killed Snorg
 25040 | Orc:1    | Found a frozen archway.
 25047 | Orc:1    | Reached XP level 14. HP: 108/115 MP: 21/21
 25065 | IceCv    | Entered an ice cave
 25110 | IceCv    | Reached skill level 10 in Fighting
 25310 | IceCv    | Noticed a frost giant
 25326 | IceCv    | Killed a frost giant
 26153 | Orc:2    | Entered Level 2 of the Orcish Mines
 26160 | Orc:2    | Found a staircase to the Elven Halls.
 26181 | Orc:2    | Reached ***** piety under Makhleb
 26262 | Orc:2    | Found Fiucvae's Armour Emporium.
 26397 | Orc:2    | Noticed Jorgrun
 26412 | Orc:2    | Killed Jorgrun
 26450 | Orc:2    | Found Umoq's Antique Weapon Emporium.
 26508 | Orc:2    | Noticed Donald
 26535 | Orc:2    | Killed Donald
 26661 | Orc:2    | Found Xuwunek's Magic Scroll Boutique.
 26678 | Orc:2    | Bought the +4 moon troll leather armour {Spirit, Regen++
                  | MP+5} for 545 gold pieces
 26678 | Orc:2    | Found the +4 moon troll leather armour {Spirit, Regen++
                  | MP+5}
 26697 | Orc:2    | Learned a level 5 spell: Manifold Assault
 26742 | Orc:2    | Reached XP level 15. HP: 131/131 MP: 9/24
 26881 | Orc:2    | Noticed an orc warlord
 26905 | Orc:2    | Killed an orc warlord
 27091 | Orc:2    | Found Xelined's Antique Weapon Shoppe.
 27776 | D:12     | Found Ororr's Antique Armour Emporium.
 27785 | D:12     | Bought a pair of jewelled gloves for 237 gold pieces
 27785 | D:12     | Identified the -1 pair of gloves of the Bagpipe {Fly rElec
                  | Str+6 Stlth+} (You bought it in a shop on level 12 of the
                  | Dungeon)
 28638 | D:13     | Found a gate to the Vaults.
 29833 | D:14     | Found a glowing golden altar of the Shining One.
 29892 | D:15     | Entered Level 15 of the Dungeon
 30353 | D:15     | Found a staircase to the Depths.
 30736 | Spider:1 | Entered Level 1 of the Spider Nest
 30746 | Spider:1 | Reached skill level 10 in Dodging
 31417 | Spider:1 | Reached skill level 1 in Spellcasting
 32192 | Spider:1 | Learned a level 6 spell: Dispersal
 32552 | D:13     | Lost mutation: Your body sometimes deteriorates upon taking
                  | damage. [potion of mutation]
 32552 | D:13     | Gained mutation: You are dopey. (Int -2) [potion of
                  | mutation]
 32552 | D:13     | Gained mutation: You have a somewhat thin skeletal
                  | structure. (Dex +2, Stealth+) [potion of mutation]
 32552 | D:13     | Gained mutation: You are covered in fur. (AC +1) [potion of
                  | mutation]
 32877 | Spider:2 | Reached XP level 16. HP: 111/139 MP: 26/26
 34135 | Spider:3 | Reached skill level 15 in Invocations
 34868 | Spider:3 | Identified the +9 mace of Crusades {freeze, rF+}
 34961 | Spider:4 | Entered Level 4 of the Spider Nest
 34982 | Spider:4 | Reached ****** piety under Makhleb
 36070 | Spider:4 | Reached XP level 17. HP: 145/145 MP: 30/30
 36483 | Spider:4 | Got a gossamer rune of Zot
 36765 | Swamp:1  | Entered Level 1 of the Swamp
 37154 | D:1      | Bought the Folio of Allied Transmutation for 528 gold
                  | pieces
 37699 | Swamp:1  | Reached skill level 5 in Spellcasting
 37705 | Swamp:1  | Learned a level 5 spell: Summon Forest
 37716 | Swamp:1  | Learned a level 2 spell: Wereblood
 37837 | Swamp:1  | Identified the +2 scale mail of Watchfulness {*Corrode
                  | Int+4}
 37992 | Swamp:2  | Reached skill level 1 in Summonings
 38390 | Swamp:2  | Noticed Aizul
 38401 | Swamp:2  | Killed Aizul
 38986 | Swamp:3  | Identified the +0 robe "Ceiseho" {rC+ Int+6}
 39743 | Swamp:4  | Entered Level 4 of the Swamp
 40257 | Swamp:4  | Reached XP level 18. HP: 151/155 MP: 31/31
 40281 | Swamp:4  | Noticed a tentacled monstrosity
 40297 | Swamp:4  | Killed a tentacled monstrosity
 40439 | Swamp:4  | Reached skill level 1 in Transmutations
 40494 | Swamp:4  | Got a decaying rune of Zot
 41226 | Vaults:1 | Entered Level 1 of the Vaults
 41821 | Vaults:1 | Reached skill level 1 in Shields
 42238 | Vaults:1 | Noticed Asterion
 42248 | Vaults:1 | Killed Asterion
 42381 | Vaults:1 | Reached skill level 5 in Shields
 44103 | Vaults:2 | Reached skill level 10 in Shields
 44174 | Vaults:2 | Reached XP level 19. HP: 148/161 MP: 31/32
 44386 | Vaults:2 | Found a staircase to the Crypt.
 45967 | Vaults:3 | Identified the +4 flail of Valiance {vamp, rPois rF- Str+2
                  | Dex+5}
 46846 | Vaults:4 | Reached skill level 10 in Armour
 46857 | Vaults:4 | Found Gozag's Antique Weapon Shop.
 47273 | Vaults:4 | Learned a level 1 spell: Apportation
 47318 | Vaults:4 | Found Gozag's Antique Armour Boutique.
 47319 | Vaults:4 | Found Gozag's Antique Weapon Shop.
 47326 | Vaults:4 | Found an opulent altar of Gozag.
 47370 | Vaults:4 | Bought a masterwork helmet for 950 gold pieces
 47370 | Vaults:4 | Identified the +3 helmet of Failure {rC+ Slay-2 Stlth+}
                  | (You bought it in a shop on level 4 of the Vaults)
 48003 | Depths:1 | Entered Level 1 of the Depths
 48003 | Depths:1 | Found a stormy altar of Qazlal.
 48475 | Depths:1 | Acquired 710 gold pieces
 48498 | Depths:1 | Reached XP level 20. HP: 166/171 MP: 33/33
 48630 | Depths:1 | Found a one-way gate leading to the halls of Pandemonium.
 48832 | Depths:1 | Found a gateway to Hell.
 48894 | Depths:1 | Found Jeikukk's General Store.
 48894 | Depths:1 | Found Retuat's Antique Armour Emporium.
 48908 | Depths:1 | Reached skill level 15 in Fighting
 48995 | Depths:1 | Bought a scroll of poison for 60 gold pieces
 48995 | Depths:1 | Bought a wand of paralysis (3) for 108 gold pieces
 48995 | Depths:1 | Bought a box of beasts for 600 gold pieces
 49650 | Depths:2 | Found a portal to a secret trove of treasure.
 49768 | Depths:2 | Found a shadowy altar of Dithmenos.
 49796 | Depths:2 | Reached skill level 15 in Translocations
 50693 | Depths:3 | Noticed Sojobo
 50944 | Depths:3 | Paralysed by an air elemental for 1 turns
 50946 | Depths:3 | Noticed a golden dragon
 50952 | Depths:3 | Found a one-way gate to the infinite horrors of the Abyss.
 51078 | Depths:3 | Paralysed by an air elemental for 1 turns
 51422 | Elf:1    | Entered Level 1 of the Elven Halls
 51681 | Elf:1    | Paralysed by an air elemental for 1 turns
 51896 | Elf:1    | Found Fuesat's Distillery.
 51910 | Elf:1    | Bought a potion of might for 48 gold pieces
 51910 | Elf:1    | Bought a potion of curing for 36 gold pieces
 51910 | Elf:1    | Bought a potion of cancellation for 96 gold pieces
 51910 | Elf:1    | Bought a potion of mutation for 96 gold pieces
 51910 | Elf:1    | Bought a potion of brilliance for 48 gold pieces
 52039 | Elf:1    | Paralysed by an air elemental for 1 turns
 52300 | Elf:1    | Paralysed by an air elemental for 1 turns
 52308 | Elf:1    | Paralysed by an air elemental for 1 turns
 52479 | Elf:1    | Reached XP level 21. HP: 178/179 MP: 22/34
 52660 | Elf:1    | Found a radiant altar of Vehumet.
 53151 | Elf:2    | Found Zunyamma's Jewellery Emporium.
 53151 | Elf:2    | Found Mien's Book Shop.
 53152 | Elf:2    | Found Niru's Jewellery Emporium.
 53263 | Elf:2    | Found a runed translucent gate.
 53263 | Elf:2    | Found a runed translucent gate.
 53263 | Elf:2    | Found a runed translucent gate.
 53475 | Elf:3    | Entered Level 3 of the Elven Halls
 53544 | Elf:3    | Found a magical portal.
 53563 | WizLab   | Entered Eringya's Formal Garden
 53684 | WizLab   | Reached skill level 5 in Evocations
 54078 | WizLab   | Found a blossoming altar of Fedhas.
 54107 | WizLab   | Learned a level 4 spell: Passage of Golubria
 54969 | Elf:3    | Identified the ring of Xorcho Amonum {Fly Int+3}
 55035 | Elf:3    | Identified the +0 robe of Piattyq {rPois rN+ Str-4}
 55131 | Elf:3    | Identified the ring "Kemonkir" {Fly Will++ Str+3 Dex-2}
 55133 | Elf:3    | Identified the +3 long sword "Beetlebane" {venom, rC+}
 55195 | Elf:3    | Got the Compendium of Ghoulish Hoarfrost
 55245 | Elf:3    | Identified the +12 scimitar of Qaom {protect, rElec Int+4}
 55254 | Elf:3    | Reached skill level 10 in Evocations
 55262 | Elf:3    | Got the Parchment of the Icy Flock
 55267 | Elf:3    | Got Hyntituf's Parchment of Transmutation and the Jaunt
 55291 | Elf:3    | Identified the +10 scimitar "Eczis" {vamp, Fly Will+}
 56091 | Depths:3 | Learned a level 7 spell: Malign Gateway
 56177 | Depths:3 | Reached skill level 5 in Summonings
 56240 | Depths:3 | Found a glowing silver altar of Zin.
 56347 | Depths:3 | Found an ornate altar of the Wu Jian Council.
 56381 | Depths:3 | Paralysed by an air elemental for 1 turns
 56386 | Depths:3 | Paralysed by an air elemental for 1 turns
 56389 | Depths:3 | Killed Sojobo
 56442 | Depths:3 | Killed a golden dragon
 56450 | Depths:3 | Noticed a golden dragon
 56585 | Depths:3 | Paralysed by a vampire knight for 2 turns
 56588 | Depths:3 | Paralysed by a vampire knight for 3 turns
 56594 | Depths:3 | Reached XP level 22. HP: 175/190 MP: 32/35
 56603 | Depths:3 | Killed a golden dragon
 57185 | Depths:3 | Found a glowing silver altar of Zin.
 57353 | Depths:3 | Identified the +0 buckler of the Solstice {Harm Will+}
 57630 | Depths:4 | Entered Level 4 of the Depths
 57959 | Depths:4 | Found a gate to the Realm of Zot.
 58268 | Depths:4 | Found Neimi's Book Emporium.
 58277 | Depths:4 | Bought a manual of Armour for 1120 gold pieces
 59144 | Crypt:1  | Entered Level 1 of the Crypt
 59425 | Crypt:1  | Reached skill level 10 in Summonings
 59626 | Crypt:1  | Paralysed by a vampire knight for 2 turns
 59719 | Crypt:1  | Upgraded the game from 0.29-a0-1009-g60c99734e7 to
                  | 0.29-a0-1016-g236c7fd91e
 60612 | Crypt:2  | Identified the +2 hat of Defence {Will+}
 60828 | Crypt:2  | Noticed Mennas
 60839 | Crypt:2  | Killed Mennas
 61160 | Crypt:2  | Identified the +4 scale mail "Earthly Heaven" {rC- Int+6
                  | Dex+2}
 61403 | Crypt:3  | Entered Level 3 of the Crypt
 61856 | Crypt:3  | Reached XP level 23. HP: 196/196 MP: 36/36
 62065 | Crypt:3  | Noticed an ancient lich
 62065 | Crypt:3  | Found the +13 scythe of Curses {drain, Drain}
 62071 | Crypt:3  | Killed an ancient lich
 62077 | Crypt:3  | Identified the ring "Gope" {rElec rC- rCorr AC+4 Str+4}
 62081 | Crypt:3  | Identified the ring "Yloengid" {rN+ Dex+4}
 62081 | Crypt:3  | Identified the ring "Porowkyd" {rN+ SInv}
 62679 | Crypt:3  | Found a staircase to the Tomb.
 63084 | Crypt:3  | Lost mutation: You are covered in fur. (AC +1) [potion of
                  | mutation]
 63084 | Crypt:3  | Lost mutation: You are dopey. (Int -2) [potion of mutation]
 63084 | Crypt:3  | Gained mutation: You occasionally shout uncontrollably at
                  | your foes. [potion of mutation]
 63287 | Vaults:5 | Entered Level 5 of the Vaults
 63805 | Vaults:5 | Reached skill level 10 in Spellcasting
 63844 | Vaults:5 | Identified the +2 war axe of Inference {vorpal, Str+3 Int-3
                  | Dex+3}
 63891 | Vaults:5 | Noticed a dread lich
 63898 | Vaults:5 | Identified the +7 shortbow of Unouler {flame, Fragile rN+
                  | Will++ Int+2}
 63914 | Vaults:5 | Killed a dread lich
 63982 | Vaults:5 | Identified the +4 quarterstaff "Waas" {spect, rElec rF+
                  | rCorr Int-2}
 64299 | Vaults:5 | Identified the ring "Jonituif" {rCorr Int+4 Dex+3}
 64641 | Vaults:5 | Noticed an ancient lich
 64655 | Vaults:5 | Reached XP level 24. HP: 190/204 MP: 34/39
 64656 | Vaults:5 | Identified the +3 ring mail of the Unseen Realm {rC+ Int+9
                  | Dex-4}
 64660 | Vaults:5 | Killed an ancient lich
 64663 | Vaults:5 | Noticed Margery
 64969 | Vaults:5 | Identified the +0 pair of gloves of Qenejivi {rElec Int-3
                  | Slay+6 Stlth+}
 65083 | Vaults:5 | Identified the +3 dagger of Pyromania {vorpal, rPois}
 65085 | Vaults:5 | Got a silver rune of Zot
 65183 | Vaults:5 | Identified the +0 dagger of Sech {freeze, rF+}
 65185 | Vaults:5 | Got the Treatise on Glamour
 65250 | Vaults:5 | Banished Margery
 65571 | Zot:1    | Entered Level 1 of the Realm of Zot
 66632 | Zot:1    | Reached skill level 15 in Armour
 66682 | Zot:1    | Identified the amulet "Jylugid" {Reflect rPois Will+ SH+5}
 68057 | Zot:2    | Noticed Vv
 68095 | Zot:2    | Killed Vv
 68445 | Zot:2    | Noticed an orb of fire
 68469 | Zot:2    | Gained mutation: Your magical capacity is low. (-10% MP)
                  | [an orb of fire]
 68471 | Zot:2    | Killed an orb of fire
 68892 | Zot:2    | Identified the +5 scale mail "Yrghiom" {rElec Str+4 Int-4
                  | Dex+4}
 69661 | Zot:3    | Reached XP level 25. HP: 119/193 MP: 11/35
 70245 | Orc:2    | Bought a glowing eveningstar for 648 gold pieces
 72675 | Zot:4    | Reached skill level 15 in Maces & Flails
 73749 | Zot:5    | Entered Level 5 of the Realm of Zot
 73861 | Zot:5    | Found a transporter.
 73864 | Zot:5    | Found a bloodstained altar of Trog.
 73872 | Zot:5    | Identified the +0 cloak of Tender Moments {rPois rC++ rN+
                  | Str-5}
 73881 | Zot:5    | Noticed freelancePsychic's ghost (legendary DjTm)
 73896 | Zot:5    | Identified the +1 cloak of Joat {+Inv rPois Stlth+}
 73903 | Zot:5    | Found a transporter.
 74149 | Zot:5    | Noticed a Killer Klown
 74150 | Zot:5    | Noticed a dread lich
 74154 | Zot:5    | Noticed an orb of fire
 74160 | Zot:5    | Killed a Killer Klown
 74162 | Zot:5    | Noticed an orb of fire
 74166 | Zot:5    | Paralysed by a dread lich for 4 turns
 74170 | Zot:5    | Gained mutation: Your magical capacity is very low. (-20%
                  | MP) [an orb of fire]
 74172 | Zot:5    | Gained mutation: You occasionally lose the ability to drink
                  | potions when taking damage. [an orb of fire]
 74175 | Zot:5    | Noticed a Killer Klown
 74177 | Zot:5    | a Killer Klown changed into a caustic shrike
 74203 | Zot:5    | Noticed a Killer Klown
 74203 | Zot:5    | Noticed a Killer Klown
 74204 | Zot:5    | Noticed an orb of fire
 74209 | Zot:5    | Noticed a Killer Klown
 74209 | Zot:5    | Noticed a Killer Klown
 74209 | Zot:5    | Noticed a Killer Klown
 74209 | Zot:5    | Noticed a Killer Klown
 74209 | Zot:5    | Noticed an orb of fire
 74209 | Zot:5    | Noticed a Killer Klown
 74209 | Zot:5    | Noticed an ancient lich
 74266 | Zot:5    | Paralysed by a dread lich for 4 turns
 74274 | Zot:5    | Killed a dread lich
 74412 | Zot:5    | Killed an orb of fire
 74505 | Zot:5    | Killed a Killer Klown
 74727 | Zot:5    | Killed a Killer Klown
 74731 | Zot:5    | Reached XP level 26. HP: 222/222 MP: 31/31
 74949 | Zot:5    | Gained mutation: You are frail. (-10% HP) [an orb of fire]
 74950 | Zot:5    | Gained mutation: You are very frail. (-20% HP) [an orb of
                  | fire]
 74953 | Zot:5    | Killed an ancient lich
 74954 | Zot:5    | Reached skill level 15 in Dodging
 74977 | Zot:5    | Got the Orb of Zot
 75114 | Zot:3    | Lost mutation: You are very frail. (-20% HP) [potion of
                  | mutation]
 75114 | Zot:3    | Lost mutation: You are frail. (-10% HP) [potion of
                  | mutation]
 75114 | Zot:3    | Gained mutation: You can roll at foes to attack. [potion of
                  | mutation]
 75114 | Zot:3    | Lost mutation: You occasionally shout uncontrollably at
                  | your foes. [potion of mutation]
 75114 | Zot:3    | Gained mutation: You can roll a great distance at foes to
                  | attack. [potion of mutation]
 75129 | Zot:3    | Lost mutation: You occasionally lose the ability to drink
                  | potions when taking damage. [potion of mutation]
 75129 | Zot:3    | Lost mutation: You can roll a great distance at foes to
                  | attack. [potion of mutation]
 75129 | Zot:3    | Lost mutation: Your magical capacity is very low. (-20% MP)
                  | [potion of mutation]
 75129 | Zot:3    | Gained mutation: You are somewhat resistant to further
                  | mutation. [potion of mutation]
 75130 | Zot:3    | Lost mutation: You are somewhat resistant to further
                  | mutation. [potion of mutation]
 75130 | Zot:3    | Lost mutation: You can roll at foes to attack. [potion of
                  | mutation]
 75130 | Zot:3    | Lost mutation: Your magical capacity is low. (-10% MP)
                  | [potion of mutation]
 75131 | Zot:3    | Lost mutation: You have a somewhat thin skeletal structure.
                  | (Dex +2, Stealth+) [potion of mutation]
 75131 | Zot:3    | Gained mutation: You occasionally shout uncontrollably at
                  | your foes. [potion of mutation]
 75131 | Zot:3    | Gained mutation: You occasionally lose the ability to read
                  | scrolls when taking damage. [potion of mutation]
 75132 | Zot:3    | Lost mutation: You occasionally lose the ability to read
                  | scrolls when taking damage. [potion of mutation]
 75132 | Zot:3    | Lost mutation: You occasionally shout uncontrollably at
                  | your foes. [potion of mutation]
 75132 | Zot:3    | Gained mutation: You are weak. (Str -2) [potion of
                  | mutation]
 75132 | Zot:3    | Gained mutation: You have large cloven feet. [potion of
                  | mutation]
 75132 | Zot:3    | Gained mutation: Your system is resistant to poisons.
                  | (rPois) [potion of mutation]
 75132 | Zot:3    | Gained mutation: You have hidden genetic potential. [potion
                  | of mutation]
 75250 | Depths:3 | Noticed Nyntax the pandemonium lord
 75259 | Depths:2 | Noticed Noidit the pandemonium lord
 75669 | D:$      | Escaped with the Orb!

Illustrated notes

Levels and vault maps discovered:
D:1:      kb_arrival_jail, layout_loops_ring, serial_shops, shop,
          shapermc_ecumenical_altar_pompeii
D:2:      layout_loops_corners, cheibrodos_gnoll_hut, uniq_terence, uniq_natasha
D:3:      layout_loops_corners, mainiacjoe_overflow_24_doors
D:4:      layout_rooms, minmay_misc_feat_ornament, uniq_duvessa
D:5:      layout_loops_ring
D:6:      layout_rooms, minmay_temple_entry_mist
D:7:      layout_loops_ring, grunt_ministairs_9, kb_rosetta, uniq_joseph,
          uniq_menkaure
D:8:      layout_loops_corners, mainiacjoe_overflow_catwalk_spiral,
          roderic_roman_lattice, uniq_maurice
D:9:      layout_gridville, serial_shops, shop
D:10:     minmay_the_grid_triangle_9x9_rhombus_full
          [minmay_the_grid_triangle_9x9_pentomino_pain,
          minmay_the_grid_triangle_9x9_zippers_vertical,
          minmay_the_grid_triangle_9x9_warning,
          minmay_the_grid_triangle_9x9_corruption,
          minmay_the_grid_triangle_9x9_zippers_horizontal,
          minmay_the_grid_triangle_9x9_from_above,
          minmay_the_grid_triangle_9x9_intruding_spiral,
          minmay_the_grid_triangle_9x9_prize_special], layout_irregular_city,
          gammafunk_temple_overflow_pools, uniq_amaemon
D:11:     layout_layer_cave, lair_entry_dummy, orc_david_3, serial_shops, shop,
          nicolae_diamond_shop, shop, nicolae_shop_behind_doors, shop
D:12:     layout_basic, serial_shops, shop
D:13:     layout_cave_pools, david_vaults_5
D:14:     layout_long_grid, amcnicky_mini_rare_corridor_liquid,
          roderic_lattice_a, minmay_misc_feat_hallway, tso_altar
D:15:     grunt_enter_depths_magical_seal, layout_cave_pods,
          minmay_misc_feat_more_columns
Temple:   minmay_temple_bridge_d
Lair:1:   layout_cellular_growth, basic_altar, lemuel_fruit_tree
Lair:2:   regret_index_harrowing_hell_hive, layout_small_grid,
          spider_nest_entry_a, serial_bayou_pond_b, st_stairs_12,
          grunt_forest_large_clearings, infiniplex_staircase_pool,
          serial_bayou_shore_b
Lair:3:   layout_misc_corridors, swamp_mist_pool, gammafunk_ghost_ooze,
          chequers_serial_rivers_micro_a, grunt_megastairs_3
Lair:4:   layout_gridlike, slime_entry_1
Lair:5:   guppyfry_lair_end_dragon, layout_loops_ring
Swamp:1:  layout_basic_swamp, evilmike_swamp_ruin_house_4
Swamp:2:  layout_falls_marsh, evilmike_swamp_ruin_house_3, uniq_aizul
Swamp:3:  nicolae_swamp_wrong_neighborhood, layout_basic_swamp,
          nicolae_swamp_long_stream, swamp_pool2
Swamp:4:  swamp_vile, layout_basic_swamp
Spider:1: layout_spider_delve
Spider:2: layout_spider_delve, drop_trap, hangedman_spider_trapstep,
          hangedman_spider_tarantella_strand
Spider:3: nicolae_spider_mines_1
Spider:4: spider_rune_water, hangedman_stitches_earthworm
Orc:1:    layout_caves, portal_ice_cave_entry_animals_and_master, basic_altar,
          david_defended_altar_orc, uniq_snorg
Orc:2:    st_orc_open, layout_caves, uniq_jorgrun, uniq_donald
Elf:1:    eino_elf_arrival_customs, layout_loops_corners, serial_shops, shop,
          basic_altar, minivault_28
Elf:2:    elven_hall_of_blades_hangedman_original
          [nicolae_blade_entry_floor_patterns], layout_geoelf_grid,
          minmay_shop_grove, uniq_nikola
Elf:3:    elf_hall_gauntlet_narrow, layout_geoelf_octagon,
          infiniplex_enter_wizlab_glasses
Vaults:1: nicolae_vaults_little_squares_1, hangedman_vaults_stretched_pinwheel,
          v_alt_pattern_4, nicolae_vaults_diagonal_hallway_8,
          hangedman_vaults_trim, vaults_room_stairs_pillars,
          nicolae_vaults_network_quincunx
          [nicolae_vaults_network_quincunx_subvault,
          nicolae_vaults_network_quincunx_subvault,
          nicolae_vaults_network_quincunx_subvault,
          nicolae_vaults_network_quincunx_subvault,
          nicolae_vaults_network_quincunx_subvault], vaults_mumra_hexcomb,
          ontoclasm_vaults_ligature, nicolae_vaults_asterisk,
          vaults_room_stairs_pillars, layout_vaults_omnicross, uniq_asterion
Vaults:2: minmay_crypt_entry_simple_box, v_misc_18, grunt_vaults_hallway_long,
          hangedman_vaults_cutoff, hangedman_vaults_corner, v_misc_17,
          hangedman_vaults_stagger, v_pattern_1, v_alt_pattern_2,
          ontoclasm_vaults_misaligned, layout_vaults_ring
Vaults:3: ontoclasm_vaults_eye, vaults_mumra_lcd, ontoclasm_vaults_spin,
          ontoclasm_vaults_hangar, v_misc_17, nicolae_vaults_alarming,
          nicolae_vaults_little_squares_3, v_misc_4, vaults_room_semicircle,
          layout_vaults_quadrants
Vaults:4: vaults_dpeg_hooks, kennysheep_vaults_gozag_temple,
          nicolae_vaults_little_squares_1,
          vaults_standard_mumra_enter_the_diamond, nicolae_vaults_asterisk,
          vaults_room_door_ring, layout_vaults_big_room
Vaults:5: uniq_margery
Crypt:1:  layout_misc_corridors
Crypt:2:  layout_regular_city, uniq_mennas
Crypt:3:  due_elkab, layout_chaotic_city
Depths:1: layout_roguey, minmay_door_square, grunt_hell_entry_demonic_statue,
          rand_demon_pan_entry_1, nicolae_qazlal_style_of_elements,
          minmay_shoptagon
Depths:2: minmay_curly_fans, layout_cave_pools, hangedman_decor_push, pan_entry,
          enter_trove_1, grunt_hell_entry_dis_mu,
          nicolae_dithmenos_shadow_blocks, infiniplex_staircase_zigzag_4
Depths:3: evilmike_silver_temple, layout_cave_pools, nzn_wu_jian_council_hall,
          pf_dread_powers_of_hell, abyss_entry, nrook_mini_backslash,
          zin_statuary, uniq_sojobo
Depths:4: grunt_x_marks_the_spot, layout_small_grid, enter_ziggurat_d,
          serial_shops, shop, chequers_serial_rivers_room_b, hell_entry
Zot:1:    layout_basic, st_small_dragon_hoard_1
Zot:2:    layout_gridlike, uniq_vv
Zot:3:    layout_misc_corridors, hangedman_zot_decor_slant, evilmike_ambush
          [evilmike_ambush_outer_corners, evilmike_ambush_inner_basic],
          grunt_megastairs_5
Zot:4:    nicolae_zot_stationary_front, layout_gridville, zot_minivault_6
Zot:5:    layout_basic, gammafunk_ghost_wrathful_warriors

Skill      XL: |  1  2  3  4  5  6  7  8  9 10 11 12 13 14 15 16 17 18 19 20 21 22 23 24 25 26 |
---------------+-------------------------------------------------------------------------------+-----
Dodging        | 1 7 10 11 12 13 14 15 | 15.1
Stealth        | 1 |  1.2
Armour         | 2 4 5 7 8 9 12 13 17 | 17.4
Evocations     | 3 4 10 11 | 11.8
Fighting       | 3 5 7 9 13 14 16 17 | 17.0
Translocations | 1 2 5 10 13 14 16 18 | 18.0
Earth Magic    | 2 3 4 |  4.2
Invocations    | 5 7 10 12 13 18 | 18.7
Maces & Flails | 9 12 16 | 16.0
Spellcasting   | 3 5 7 12 | 12.0
Summonings     | 4 6 11 13 | 13.9
Transmutations | 4 |  4.2
Shields        | 10 12 13 | 13.7

Action                   |  1- 3 |  4- 6 |  7- 9 | 10-12 | 13-15 | 16-18 | 19-21 | 22-24 | 25-27 || total
-------------------------+-------+-------+-------+-------+-------+-------+-------+-------+-------++-------
Melee: Club              |    19 |       |       |       |       |       |       |       |       ||    19
       Mace              |    47 |    28 |    32 |       |       |       |       |       |       ||   107
       Tailslap          |     7 |     8 |    40 |   142 |   251 |   272 |   392 |   556 |   192 ||  1860
       Hand axe          |       |    69 |   120 |     7 |       |       |       |       |       ||   196
       Punch             |       |     3 |     1 |     2 |       |       |       |       |       ||     6
       Halberd           |       |       |   156 |    15 |       |       |       |       |       ||   171
       Demon whip        |       |       |       |   614 |  1008 |  1136 |  1595 |  1118 |    88 ||  5559
       Sacred scourge    |       |       |       |       |       |       |       |   952 |       ||   952
       Eveningstar       |       |       |       |       |       |       |       |       |   580 ||   580
       Kick              |       |       |       |       |       |       |       |       |     5 ||     5
 Fire: Arbalest          |       |       |       |     1 |       |       |       |       |       ||     1
Throw: Dart              |       |       |     3 |     9 |       |       |       |       |       ||    12
 Cast: Blink             |       |     1 |     1 |       |     1 |    22 |     8 |    34 |    15 ||    82
       Sandblast         |       |       |     6 |    20 |       |       |       |       |       ||    26
       Teleport Other    |       |       |       |     1 |       |     5 |     3 |       |       ||     9
       Manifold Assault  |       |       |       |       |    26 |    71 |    51 |    14 |    11 ||   173
       Dispersal         |       |       |       |       |       |     5 |     4 |     8 |     5 ||    22
       Summon Forest     |       |       |       |       |       |    12 |    11 |    17 |     2 ||    42
       Wereblood         |       |       |       |       |       |     7 |     2 |     9 |       ||    18
       Malign Gateway    |       |       |       |       |       |       |       |    20 |    13 ||    33
       Passage of Golubr |       |       |       |       |       |       |       |    12 |     7 ||    19
Invok: Minor Destruction |       |       |       |   188 |   164 |   317 |    25 |     2 |       ||   696
       Major Destruction |       |       |       |       |   125 |   255 |   301 |   289 |    52 ||  1022
       Lesser Servant of |       |       |       |       |    26 |     5 |     8 |     2 |       ||    41
       Greater Servant o |       |       |       |       |       |     3 |     6 |     3 |     1 ||    13
 Abil: Rolling Charge    |    25 |    37 |    47 |    29 |    50 |    37 |    85 |   138 |    51 ||   499
       Evoke Blink       |       |     2 |     5 |       |       |       |       |       |       ||     7
Evoke: Wand              |     3 |     8 |    44 |    40 |     2 |     6 |    13 |    30 |    32 ||   178
       Lightning rod     |       |       |       |       |     4 |     3 |     4 |       |     2 ||    13
       Tin of tremorston |       |       |       |       |     2 |     5 |     9 |     6 |     3 ||    25
       Phantom mirror    |       |       |       |       |       |       |     2 |     4 |     2 ||     8
       Condenser vane    |       |       |       |       |       |       |       |     3 |     2 ||     5
       Piece from Xom's  |       |       |       |       |       |       |       |     2 |     5 ||     7
       Box of beasts     |       |       |       |       |       |       |       |     2 |     5 ||     7
       Phial of floods   |       |       |       |       |       |       |       |       |     2 ||     2
  Use: Potion            |       |     1 |     5 |     7 |     4 |     5 |     1 |     8 |    22 ||    53
       Scroll            |       |       |    13 |    10 |     4 |    18 |    12 |     8 |    15 ||    80
 Stab: Invisible         |       |     2 |     1 |       |       |       |       |     2 |       ||     5
       Distracted        |       |       |       |       |     8 |     8 |     8 |    21 |     4 ||    49
       Sleeping          |       |       |       |       |       |     1 |     1 |     2 |     1 ||     5
       Confused          |       |       |       |       |       |       |     1 |       |       ||     1
Armor: Leather armour    |    26 |    23 |     8 |       |       |       |       |       |       ||    57
       Plate armour      |       |       |   143 |       |       |       |       |       |       ||   143
       Scale mail        |       |       |   115 |    58 |       |       |       |       |       ||   173
       Skin              |       |       |       |    17 |       |       |       |       |       ||    17
       Acid dragon scale |       |       |       |   140 |    94 |       |       |       |       ||   234
       Troll leather arm |       |       |       |       |   212 |   409 |   513 |   634 |   393 ||  2161
Dodge: Dodged            |    32 |    50 |   150 |   288 |   439 |   559 |   354 |   505 |   299 ||  2676
Block: Kite shield       |       |       |       |       |       |   176 |   694 |  1188 |   597 ||  2655
       Reflection        |       |       |       |       |       |     6 |    76 |    20 |    12 ||   114

Table legend: (Time is in decaauts)
 A = Elapsed time spent in this place.
 B = Non-inter-level travel time spent in this place.
 C = Inter-level travel time spent in this place.
 D = Time resting spent in this place.
 E = Time spent auto-exploring this place.
 F = Levels seen in this place.
 G = Mean time per level.
                   A        B        C        D        E       F      G
               +--------+--------+--------+--------+--------+-----+--------+
         Total |  73751 |  65314 |   8437 |  13707 |  32924 |  53 | 1391.5 |
       Dungeon |  22713 |  18584 |   4129 |   5865 |   9380 |  15 | 1514.2 |
        Temple |    198 |    159 |     39 |      0 |     96 |   1 |  198.0 |
          Lair |   8380 |   7744 |    636 |   2489 |   3587 |   5 | 1676.0 |
         Swamp |   3801 |   3656 |    145 |    540 |   2171 |   4 |  950.2 |
   Spider Nest |   5490 |   4823 |    667 |    510 |   2772 |   4 | 1372.5 |
  Orcish Mines |   2120 |   1870 |    250 |    224 |    946 |   2 | 1060.0 |
   Elven Halls |   3307 |   3087 |    220 |    164 |   1895 |   3 | 1102.3 |
        Vaults |   8267 |   7599 |    668 |    578 |   4416 |   5 | 1653.4 |
         Crypt |   3704 |   3620 |     84 |    359 |   1656 |   3 | 1234.7 |
        Depths |   6583 |   5713 |    870 |   1103 |   2593 |   4 | 1645.8 |
           Zot |   7849 |   7125 |    724 |   1621 |   2902 |   5 | 1569.8 |
      Ice Cave |    503 |    503 |      0 |      0 |    172 |   1 |  503.0 |
        Wizlab |    830 |    830 |      0 |    251 |    336 |   1 |  830.0 |
               +--------+--------+--------+--------+--------+-----+--------+

Top non-repeatable levels by time:
    D:11: 3057 daAuts
  Lair:2: 2633 daAuts
     D:9: 2496 daAuts
   Zot:2: 2489 daAuts
  Lair:1: 1880 daAuts
Depths:3: 1877 daAuts
Vaults:5: 1848 daAuts
Vaults:1: 1837 daAuts
    D:10: 1822 daAuts
Spider:1: 1682 daAuts
Depths:2: 1668 daAuts
     D:8: 1601 daAuts
 Crypt:3: 1596 daAuts
Vaults:3: 1581 daAuts
Spider:4: 1565 daAuts

Table legend:
 A = Kills in this place as a percentage of kills in entire the game.
 B = Kills by you in this place as a percentage of kills by you in the entire game.
 C = Kills by friends in this place as a percentage of kills by friends in the entire game.
 D = Other kills in this place as a percentage of other kills in the entire game.
 E = Experience gained in this place as a percentage of experience gained in the entire game.
 F = Experience gained in this place divided by the number of levels of this place that you have seen.
                   A       B       C       D       E      F
               +-------+-------+-------+-------+-------+----------------------
         Total | 100.0 | 100.0 | 100.0 | 100.0 | 100.0 | 25479.5
       Dungeon |  12.5 |  13.4 |   1.2 |   9.1 |   3.2 | 2861.1
          Lair |   9.5 |   9.7 |   7.7 |   0.0 |   3.5 | 9526.8
         Swamp |   6.6 |   6.6 |   5.3 |  18.2 |   6.0 | 20189.8
   Spider Nest |  11.2 |  11.8 |   4.7 |   0.0 |   7.0 | 23638.2
  Orcish Mines |   6.6 |   6.0 |  14.2 |   0.0 |   2.2 | 14810.0
   Elven Halls |   5.9 |   6.2 |   1.2 |  18.2 |   6.9 | 31044.3
        Vaults |  15.5 |  15.1 |  20.7 |   9.1 |  20.5 | 55257.8
         Crypt |   8.8 |   8.5 |  12.4 |   0.0 |   9.6 | 43011.3
        Depths |   9.0 |   8.7 |  11.8 |   9.1 |  13.6 | 45798.8
           Zot |  11.3 |  10.8 |  16.0 |  36.4 |  24.4 | 65859.4
      Ice Cave |   1.7 |   1.4 |   4.7 |   0.0 |   1.1 | 15267.0
        Wizlab |   1.5 |   1.7 |   0.0 |   0.0 |   2.1 | 28717.0
               +-------+-------+-------+-------+-------+----------------------
